 Dungeon Crawl Stone Soup version 0.26.1-2-gb8aa6d0cf2 (webtiles) character file.

Game seed: 14355533196815736727

28 Amaterasu the Skirmisher (level 2, -5/28 HPs)
             Began as a Minotaur Fighter on Feb 12, 2021.
             Killed by nerve-wracking pain
             ... invoked by Jessica
              (12 damage)
             ... on level 2 of the Dungeon.
             The game lasted 00:01:03 (948 turns).

Amaterasu the Skirmisher (Minotaur Fighter)          Turns: 948, Time: 00:01:04

Health: -5/28      AC:  7    Str: 20    XL:     2   Next: 96%
Magic:  1/1        EV:  7    Int:  5    God:
Gold:   75         SH:  9    Dex:  9    Spells: 1/1 levels left

rFire    . . .     SeeInvis .   a - +0 long sword
rCold    . . .     Faith    .   c - +0 kite shield
rNeg     . . .     Spirit   .   b - +1 scale mail
rPois    .         Reflect  .   (helmet restricted)
rElec    .         Harm     .   (no cloak)
rCorr    .         Rampage  .   (no gloves)
Will     .....                  (no boots)
Stlth    ..........             (no amulet)
HPRegen  0.09/turn              (no ring)
MPRegen  0.07/turn              (no ring)

@: no status effects
A: retaliatory headbutt, horns 2
a: no special abilities


You were on level 2 of the Dungeon.
You visited 1 branch of the dungeon, and saw 2 of its levels.

You collected 75 gold pieces.

Inventory:

Hand Weapons
 a - a +0 long sword (weapon)
Armour
 b - a +1 scale mail (worn)
 c - a +0 kite shield (worn)
Scrolls
 f - a scroll of identify
 g - a scroll of blinking
 i - a scroll of magic mapping
 j - a scroll of remove curse {unknown}
Potions
 d - a potion of might
 e - a potion of attraction {unknown}
 h - a potion of cancellation {unknown}


   Skills:
 * Level 4.6 Fighting
 * Level 3.2 Long Blades
 - Level 3.6 Armour
 - Level 3.6 Shields


You had one spell level left.
You didn't know any spells.
Your spell library was empty.

Dungeon Overview and Level Annotations

Branches:
Dungeon (2/15)

Altars:

Annotations:
D:2 Jessica


Innate Abilities, Weirdness & Mutations

You reflexively headbutt those who attack you in melee.
You have a pair of horns on your head.


Message History

Jessica the Apprentice Sorceress comes into view.
Jessica drinks a potion.
Jessica flickers and vanishes!
Deactivating autopickup; reactivate with Ctrl-A.
You see here a scroll of magic mapping.
There is a strange disturbance nearby!
Something hits you but does no damage.
You barely miss something. Something hits you but does no damage.
You hear some strange, mumbled words.
Pain shoots through your body!
You closely miss something. Your headbutt misses something.
You hear some strange, mumbled words.
Pain shoots through your body!
You barely miss something. Your headbutt misses something. Something hits you.
You closely miss something. Your headbutt misses something. Something hits you.
You hear some strange, mumbled words.
You hit something. Something hits you.
* * * LOW HITPOINT WARNING * * *
You hear some strange, mumbled words.
Pain shoots through your body!
You die...

#.# #.# ###.# ###
#.#.####### # #^..
#....#...##..
..###?#.#......#
#.#............
..###...........#
#.....†...@.....#
#.#####.###...###
#. #. #.# ...# #.#.
#.# #### ... ##'##
#.# ##...## ##.#
##.....## ##..#
##.......#
##...####.........#


There were no monsters in sight!

Vanquished Creatures
  A dart slug (D:1)
  A bat (D:1)
  2 giant cockroaches (D:2)
  5 goblins (D:1)
  5 hobgoblins
  3 kobolds (D:1)
  A frilled lizard (D:1)
  6 rats
24 creatures vanquished.

Notes
Turn   | Place    | Note
-------+----------+-------------------------------------------
     0 | D:1      | Amaterasu the Minotaur Fighter began the quest for the Orb.
     0 | D:1      | Reached XP level 1. HP: 19/19 MP: 0/0
   117 | D:1      | Reached skill level 4 in Fighting
   153 | D:1      | Reached XP level 2. HP: 27/27 MP: 1/1
   940 | D:2      | Noticed Jessica
   948 | D:2      | Killed from afar by Jessica

Illustrated notes

Levels and vault maps discovered:
D:1:      onia_arrival_mini_spirals, layout_loops_ring
D:2:      layout_loops_corners, uniq_jessica, uniq_terence,
          uniq_crazy_yiuf_cottage

Skill      XL: |  1  2 |
---------------+-------+-----
Fighting       | 4 |  4.6
Long Blades    | 3 |  3.2
Armour         | |  3.6
Shields        | |  3.6

Action                   || total
-------------------------++-------
Melee: Long sword        ||    49
       Headbutt          ||     7
  Use: Scroll            ||     4
Armor: Scale mail        ||     6
Dodge: Dodged            ||    15
Block: Kite shield       ||    23
       Rpst.: Long sword ||     7
